 Dungeon Crawl Stone Soup version 0.31-a0-845-g9abc20d24f (webtiles) character file.

Game seed: 15897979220757366942

1981 Kurtz the Cleaver (level 9, -4/59 HPs)
             Began as an Octopode Fighter on Oct 1, 2023.
             Was an Initiate of Gozag.
             Slain by a hornet (7 damage)
             ... while paralysed by a hornet
             ... on level 7 of the Dungeon.
             The game lasted 00:07:43 (6340 turns).

Kurtz the Cleaver (Octopode Fighter)                Turns: 6340, Time: 00:07:44

Health: -4/59      AC:  1    Str: 17    XL:     9   Next: 20%
Magic:  9/9        EV:  2    Int: 11    God:    Gozag
Gold:   776        SH:  0    Dex: 13    Spells: 8/8 levels left

rFire   . . .        k - +9 hand axe of Xoript {flame, rN+ rCorr}
rCold   + . .        b - +0 buckler
rNeg    + . .        (helmet restricted)
rPois   .            (no amulet)
rElec   .            i - ring of protection from cold
rCorr   +            o - ring of willpower
SInv    .            (no ring)
Will    +....        (no ring)
Stlth   +++          (no ring)
HPRegen 0.29/turn    (no ring)
MPRegen 0.11/turn    (no ring)
                     (no ring)

%: no passive effects
@: paralysed, lethally poisoned (-4 -> -13), slowed
A: almost no armour, amphibious, 8 rings, camouflage 1, gelatinous body 1,
(nimble swimmer 1), tentacles
a: Renounce Religion, Potion Petition, Call Merchant, Bribe Branch


You were on level 7 of the Dungeon.
You worshipped Gozag.
Gozag was pleased with you.
You visited 1 branch of the dungeon, and saw 7 of its levels.

You collected 1070 gold pieces.
You spent 294 gold pieces at shops.

Inventory:

Hand Weapons
 a - a +0 war axe
 k - the +9 hand axe of Xoript (weapon) {flame, rN+ rCorr}
   (You found it on level 4 of the Dungeon)

   rN+:       It protects you from negative energy.
   rCorr:     It protects you from acid and corrosion.
Missiles
 g - 3 poisoned darts (quivered)
 v - 6 boomerangs
Armour
 b - a +0 buckler (worn)
Jewellery
 i - a ring of protection from cold (left tentacle)
 o - a ring of willpower (right tentacle)
Scrolls
 d - 6 scrolls of identify {unknown}
 e - 3 scrolls of enchant armour
 f - 2 scrolls of silence {unknown}
 h - a scroll of noise {unknown}
 j - 3 scrolls of enchant weapon {unknown}
 n - 4 scrolls of fog {unknown}
 q - 2 scrolls of revelation {unknown}
 r - 5 scrolls of teleportation {unknown}
 y - 2 scrolls of immolation {unknown}
Potions
 c - 2 potions of might
 l - 3 potions of curing
 m - a potion of attraction {unknown}
 p - 3 potions of enlightenment {unknown}
 s - a potion of mutation {unknown}
 t - 2 potions of lignification {unknown}
 u - 3 potions of heal wounds {unknown}


   Skills:
 - Level 4.6 Fighting
 * Level 10.4 Axes
 - Level 4.1 Dodging
 - Level 1.3 Stealth
 - Level 4.4 Shields


You had 8 spell levels left.
You didn't know any spells.
Your spell library contained the following spells:

 Spells                   Type           Power      Damage    Failure   Level
 Summon Small Mammal      Summ           0%         N/A       41%         1
 Call Canine Familiar     Summ           0%         N/A       80%         3
 Stone Arrow              Conj/Erth      0%         3d7       80%         3
 Summon Guardian Golem    Hex/Summ       0%         N/A       80%         3
 Cause Fear               Hex            0%         N/A       99%         4
 Fireball                 Conj/Fire      0%         3d3       100%        5
 Summon Forest            Summ/Tloc      0%         N/A       100%        5
 Summon Mana Viper        Hex/Summ       0%         N/A       100%        5
 Summon Cactus Giant      Summ           0%         N/A       100%        6
 Lehudib's Crystal Spear  Conj/Erth      0%         10d2      100%        8
 Dragon's Call            Summ           0%         N/A       100%        9
 Animate Armour           Summ/Erth      Unusable   N/A       N/A         4

Dungeon Overview and Level Annotations

Branches:
Dungeon (7/15)             Temple (0/1) D:4

Altars:
Dithmenos
Fedhas
Gozag
Hepliaklqana
Kikubaaqudgha
Qazlal
Xom
Yredelemnul
The Shining One

Shops:
D:6 *   D:7 :


Innate Abilities, Weirdness & Mutations

You cannot wear most types of armour.
You are amphibious.
You can wear up to eight rings at the same time.
Your skin changes colour to match your surroundings (Stealth+).
Your rubbery body absorbs attacks. (AC +1, EV +1)
((You are camouflaged when in or above water. (Stealth+)))
You have tentacles for arms and can constrict up to eight enemies at once.


Message History

Aim: a hornet (asleep, 98% to hit)
You throw a poisoned dart. The poisoned dart hits the hornet.
The hornet buzzes angrily.
Unknown command.
Throw: 6 darts (poison)
Press: ? - help, Q - select action, (/) - cycle Shift-Dir - straight line, f/p - hornet
Aim: a hornet (39% to hit)
You throw a poisoned dart.
The poisoned dart barely misses the hornet.
Unknown command.
Throw: 5 darts (poison)
Press: ? - help, Q - select action, (/) - cycle Shift-Dir - straight line, f/p - hornet
Aim: a hornet (39% to hit)
You throw a poisoned dart.
The poisoned dart closely misses the hornet.
Unknown command.
Throw: 4 darts (poison)
Press: ? - help, Q - select action, (/) - cycle Shift-Dir - straight line, f/p - hornet
Aim: a hornet (39% to hit)
You throw a poisoned dart.
The poisoned dart closely misses the hornet.
Unknown command.
You slash the hornet! You burn the hornet. Your grab misses the hornet.
The hornet is moderately wounded.
The hornet stings you.
You are poisoned.
You suddenly lose the ability to move!
You feel very sick. The hornet stings you!
You feel yourself slow down. The hornet stings you!
You are more poisoned.
You feel as though you will be slow longer.
You feel very sick. The hornet stings you.
You feel as though you will be slow longer.
You feel very sick. The hornet stings you!
* * * LOW HITPOINT WARNING * * *
You shrug off the repeated paralysis!
The hornet stings you!
You die...
Your body crumbles into a pile of gold.

##### ##
#...######### !.
#...........# #.
#..≈≈≈≈≈≈≈..# # #..
#..).≈≈≈≈≈≈.###
##.####..8...)_≈≈...>
#..y@##....≈≈≈≈≈≈....
#..#.##..≈≈≈≈≈≈≈.....
#(.
#.##.........)..##
..$
#.##..#.......####
(..
#........#....#... ##
#........#........
####.....#.##.....
#..#.....#.....
#.##....#......


You could see a hornet.

Vanquished Creatures
  Sigmund (D:5)
  A wyvern (D:7)
  Eustachio (D:5)
  A black bear (D:4)
  An orc warrior (D:7)
  3 ice beasts
  A sky beast (D:7)
  An ogre (D:4)
  2 bullfrogs
  3 scorpions
  2 hounds (D:4)
  A gnoll bouda (D:6)
  An orc priest (D:6)
  A jelly (D:4)
  3 sleepcaps
  2 iguanas
  An orc wizard (D:7)
  A hound zombie (D:3)
  7 gnolls
  6 adders
  2 white imps
  2 ufetubi
  2 adder zombies (D:3)
  2 worms
  2 dart slugs
  14 orcs
  9 bats
  6 endoplasms
  3 giant cockroaches
  6 goblins
  3 hobgoblins
  4 jackals (D:3)
  A quokka (D:1)
  13 ball pythons
  4 frilled lizards
  7 kobolds
  6 rats
126 creatures vanquished.

Vanquished Creatures (others)
  2 orcs (D:7)
2 creatures vanquished.

Grand Total: 128 creatures vanquished

Notes
Turn   | Place    | Note
-------+----------+-------------------------------------------
     0 | D:1      | Kurtz the Octopode Fighter began the quest for the Orb.
     0 | D:1      | Reached XP level 1. HP: 16/16 MP: 1/1
   150 | D:1      | Reached XP level 2. HP: 14/21 MP: 2/2
   220 | D:1      | Reached skill level 3 in Axes
   318 | D:1      | Found a faded altar of an unknown god.
   362 | D:1      | Prayed at the altar of an unknown god.
   362 | D:1      | Became a worshipper of Gozag Ym Sagoz the Greedy
   689 | D:1      | Reached XP level 3. HP: 25/26 MP: 3/3
  1094 | D:2      | Reached skill level 4 in Axes
  1094 | D:2      | Reached XP level 4. HP: 31/31 MP: 4/4
  1769 | D:3      | Found a shimmering altar of Xom.
  1881 | D:3      | Found a basalt altar of Yredelemnul.
  1886 | D:3      | Reached XP level 5. HP: 32/36 MP: 5/5
  2277 | D:4      | Reached skill level 5 in Axes
  2330 | D:4      | Found a staircase to the Ecumenical Temple.
  2406 | D:4      | Reached XP level 6. HP: 12/42 MP: 6/6
  2554 | D:4      | Reached skill level 6 in Axes
  2968 | D:4      | Found a stormy altar of Qazlal.
  3160 | D:4      | Found a shadowy altar of Dithmenos.
  3168 | D:4      | Noticed a black bear
  3186 | D:4      | HP: 2/42 [black bear (3)]
  3189 | D:4      | Killed a black bear
  3190 | D:4      | Reached skill level 7 in Axes
  3190 | D:4      | Reached XP level 7. HP: 7/46 MP: 7/7
  3199 | D:4      | Identified the +9 hand axe of Xoript {flame, rN+ rCorr}
  3423 | D:5      | Entered Level 5 of the Dungeon
  3433 | D:5      | Noticed Sigmund
  3963 | D:5      | Found a glowing golden altar of the Shining One.
  4069 | D:6      | Found Ihycs's General Store.
  4075 | D:6      | Bought a potion of invisibility for 104 gold pieces
  4075 | D:6      | Bought a scroll of enchant armour for 97 gold pieces
  4075 | D:6      | Bought a wand of charming (3) for 93 gold pieces
  4149 | D:6      | Found an ancient bone altar of Kikubaaqudgha.
  4178 | D:6      | Reached skill level 8 in Axes
  4178 | D:6      | Reached XP level 8. HP: 41/53 MP: 8/8
  4909 | D:7      | Noticed a wyvern
  4926 | D:7      | Killed a wyvern
  4927 | D:7      | Reached skill level 9 in Axes
  4928 | D:7      | Reached skill level 1 in Stealth
  4995 | D:7      | Found a hazy altar of Hepliaklqana.
  5078 | D:5      | Noticed Eustachio
  5095 | D:5      | Killed Eustachio
  5619 | D:5      | Killed Sigmund
  5620 | D:5      | Reached XP level 9. HP: 45/59 MP: 9/9
  5755 | D:5      | Found a blossoming altar of Fedhas.
  5762 | D:5      | Reached skill level 10 in Axes
  6055 | D:7      | Found Cuzir's Book Shop.
  6332 | D:7      | Noticed a hornet
  6337 | D:7      | Paralysed by a hornet for 3 turns
  6340 | D:7      | Slain by a hornet

Illustrated notes

Levels and vault maps discovered:
D:1:      matt_arrival_spirals, layout_rooms, serial_curves, eino_curves_04,
          eino_curves_02, hellmonk_ecumenical_altar_pennies_from_heaven
D:2:      layout_loops_ring, minmay_crystal_room, small_statue_intersection
D:3:      layout_loops_ring, lemuel_doored_altar,
          nicolae_yredelemnul_corpse_copse, minmay_shallow_snake_nest
D:4:      layout_basic, grunt_dithmenos_smoke_and_mirrors,
          overflow_temple_1_default, minmay_temple_entry_antechambers
D:5:      layout_rooms, mainiacjoe_overflow_six_doors_small,
          mainiacjoe_overflow_cross_hatched, uniq_sigmund, uniq_eustachio
D:6:      layout_basic, kiku_gazebo_garden_becter, serial_shops,
          nicolae_shop_just_a_little_nook
D:7:      layout_cave_pools, gammafunk_temple_overflow_wave,
          mainiacjoe_overflow_catwalk, serial_park, serial_park_square2,
          serial_park_gazebo [serial_park_minivault_5x5_1], serial_park_tiny_1,
          serial_park_tiny_1, nicolae_take_the_stairs, hangedman_decor_push

Skill      XL: |  1  2  3  4  5  6  7  8  9 |
---------------+----------------------------+-----
Axes           | 3 4 5 7 8 9 10 | 10.4
Shields        | 4 |  4.4
Fighting       | 4 |  4.6
Dodging        | 4 |  4.1
Stealth        | 1 |  1.3

Action                     |  1- 3 |  4- 6 |  7- 9 || total
---------------------------+-------+-------+-------++-------
  Melee: War axe           |    54 |   108 |       ||   162
         Constrict         |    15 |    21 |    18 ||    54
         Tentacles         |    12 |    17 |    11 ||    40
         Punch             |     1 |       |       ||     1
         Hand axe          |       |       |    90 ||    90
  Throw: Boomerang         |       |     3 |    20 ||    23
         Dart              |       |       |     8 ||     8
  Evoke: Wand              |       |    12 |    13 ||    25
    Use: Potion            |       |     3 |     1 ||     4
   Stab: Sleeping          |     6 |    10 |       ||    16
 Armour: Skin              |    20 |    63 |    49 ||   132
  Dodge: Dodged            |    30 |    57 |    44 ||   131
  Block: Buckler           |    17 |    26 |     9 ||    52

Table legend: (Time is in decaauts)
 A = Elapsed time spent in this place.
 B = Non-inter-level travel time spent in this place.
 C = Inter-level travel time spent in this place.
 D = Time resting spent in this place.
 E = Time spent auto-exploring this place.
 F = Levels seen in this place.
 G = Mean time per level.
                   A        B        C        D        E       F      G
               +--------+--------+--------+--------+--------+-----+--------+
         Total |   6406 |   6002 |    404 |   1285 |   3573 |   7 |  915.1 |
       Dungeon |   6406 |   6002 |    404 |   1285 |   3573 |   7 |  915.1 |
               +--------+--------+--------+--------+--------+-----+--------+

Top non-repeatable levels by time:
     D:4: 1768 daAuts
     D:6: 1012 daAuts
     D:5: 964 daAuts
     D:3: 779 daAuts
     D:1: 759 daAuts
     D:2: 715 daAuts
     D:7: 407 daAuts
